 Dungeon Crawl Stone Soup version 0.17-a0-2208-ge5ab1d3 (webtiles) character file.

26 Ashar the Gusty (level 3, -12/19 HPs)
             Began as a Tengu Air Elementalist on Oct 26, 2015.
             Was an Initiate of Nemelex Xobeh.
             Killed by divine providence
             ... invoked by an orc priest
              (17 damage)
             ... on level 1 of the Dungeon.
             The game lasted 00:12:05 (1722 turns).

Ashar the Gusty (Tengu Air Elementalist)            Turns: 1722, Time: 00:12:05

Health: -12/19     AC:  3    Str:  8    XL:     3   Next: 8%
Magic:  2/7        EV: 13    Int: 16    God:    Nemelex Xobeh [......]
Gold:   71         SH:  0    Dex: 14    Spells: 2 memorised, 3 levels left

rFire  . . .     SeeInvis .     h - +0 spear
rCold  . . .     Clarity  .     a - +0 robe
rNeg   . . .     SustAt   .     (no shield)
rPois  .         Gourm    .     (helmet restricted)
rElec  .         Spirit   .     j - +0 cloak
rCorr  .         Warding  .     (no gloves)
rMut   .         Stasis   .     (boots unavailable)
MR     .....                    (no amulet)
Stlth  ++........               (no ring)
                                (no ring)

@: very slightly contaminated, not resistant to hostile enchantments, unstealthy
A: beak, talons 3
a: Renounce Religion


You were on level 1 of the Dungeon.
You worshipped Nemelex Xobeh.
Nemelex Xobeh was noncommittal.
You were not hungry.

You visited 1 branch of the dungeon, and saw 1 of its levels.

You collected 71 gold pieces.

Inventory:

Hand Weapons
 h - a +0 spear (weapon)
Armour
 a - a +0 robe (worn)
 j - a +0 cloak (worn)
Scrolls
 g - a scroll of identify {unknown}
 k - a scroll of noise {unknown}
 m - 2 scrolls of random uselessness {unknown}
Potions
 d - a potion of invisibility {unknown}
 e - a potion of heal wounds {unknown}
 f - a potion of agility {unknown}
 i - a potion of mutation {unknown}
Books
 b - a book of Air

   Spells                             Type                      Level
   a - Shock                          Conjuration/Air              1
   b - Swiftness                      Charms/Air                   2
   c - Repel Missiles                 Charms/Air                   2
   d - Static Discharge               Conjuration/Air              3
   e - Lightning Bolt                 Conjuration/Air              5
Miscellaneous
 l - a plain deck of summoning {drawn: 1}
Comestibles
 c - a bread ration
 n - a beef jerky
 o - 2 fruits


   Skills:
 - Level 2.5 Dodging
 - Level 2.2 Stealth
 - Level 2.1 Spellcasting
 * Level 2.1 Conjurations
 * Level 4.6 Air Magic


You had 3 spell levels left.
You knew the following spells:

 Your Spells              Type           Power        Failure   Level  Hunger
a - Shock                 Conj/Air       ##..         8%          1    #......
b - Swiftness             Chrm/Air       #.......     14%         2    ###....


Dungeon Overview and Level Annotations

Branches:
Dungeon (1/15)

Altars:
Nemelex Xobeh


Innate Abilities, Weirdness & Mutations

You have a beak for a mouth.
You have claws for feet.


Message History

The orc priest invokes the aid of Beogh against you.
Something smites you!
Ouch! That really hurt!
* * * LOW HITPOINT WARNING * * *
Casting: Shock
Confirm with . or Enter, or press ? or * to list all spells.
Aiming: Shock
Press: ? - help, Shift-Dir - straight line, f/p - orc
Aim: an orc (severely wounded)
The zap hits the orc.
The orc is almost dead.
The zap hits the orc.
The orc is severely wounded.
The zap hits the orc priest.
The orc priest is heavily wounded.
The orc priest calls down the wrath of Beogh upon you.
Something smites you!
Ouch! That really hurt!
You die...
Your body disappears without a glow.

.#..........#.## #.# ##.......
##..........#..# #.######........
>...........##.###......#........
.#........####..#######.#.......#
.##############.# #.#.......#
.(............#.#######.#.......#
#.##....#####.#..................
#.##....# #.#..######.##.......
#.####..# #.#.@.oo..o.########.
..# ##.# #.#...####..########.
### #.# #.#.#.## #...........
#####.#####...#..# ##.#########
###.........#####..####......####
...#########...##................
####≈≈≈≈≈≈≈####.##.########......
# #≈≈...≈§# ##.#..# #......
#.......# #.##.#######......


You could see an orc priest and 2 orcs.

Vanquished Creatures
  6 bats (D:1)
  3 goblins (D:1)
  2 hobgoblins (D:1)
  5 jackals (D:1)
  A ball python (D:1)
  2 giant geckos (D:1)
  A giant newt (D:1)
  A kobold (D:1)
  A rat (D:1)
22 creatures vanquished.

Vanquished Creatures (collateral kills)
  A hobgoblin (D:1)
1 creature vanquished.

Grand Total: 23 creatures vanquished

Notes
Turn   | Place    | Note
--------------------------------------------------------------
     0 | D:1      | Ashar the Tengu Air Elementalist began the quest for the Orb.
     0 | D:1      | Reached XP level 1. HP: 10/10 MP: 4/4
   547 | D:1      | Reached XP level 2. HP: 15/15 MP: 1/6
   845 | D:1      | Learned a level 2 spell: Swiftness
  1225 | D:1      | Found a sparkling altar of Nemelex Xobeh.
  1234 | D:1      | Became a worshipper of Nemelex Xobeh the Trickster
  1416 | D:1      | Reached XP level 3. HP: 19/19 MP: 3/7
  1722 | D:1      | Killed from afar by an orc priest

Vault maps used:
D:1:      dpeg_arrival_yet_another_circle, hangedman_decor_points, nemelex_deck

Action                   || total
-------------------------++-------
Melee: Unarmed           ||    21
       Spear             ||     8
 Cast: Shock             ||    39
Evoke: Deck              ||     1
  Eat: Chunk             ||     2
       Bread ration      ||     1
